 Dungeon Crawl Stone Soup version 0.29.0-11-gd7f09526c8 (webtiles) character file.

Game seed: 13028316482213995741

3278 Flugkiller the Cleaver (level 9, -1/81 HPs)
             Began as a Minotaur Fighter on Sept 4, 2022.
             Was an Elder of Okawaru.
             Slain by a hornet (2 damage)
             ... while paralysed by a hornet
             ... on level 8 of the Dungeon.
             The game lasted 00:04:14 (7484 turns).

Flugkiller the Cleaver (Minotaur Fighter)           Turns: 7484, Time: 00:04:14

Health: -1/81      AC: 16    Str: 19    XL:     9   Next: 69%
Magic:  10/10      EV:  2    Int:  9    God:    Okawaru [****..]
Gold:   254        SH:  0    Dex: 14    Spells: 8/8 levels left

rFire   . . .      SeeInvis .   a - +0 war axe
rCold   . . .      Faith    .   i - +0 kite shield
rNeg    . . .      Spirit   .   b - +0 scale mail
rPois   .          Reflect  .   (helmet restricted)
rElec   .          Harm     .   v - +1 cloak
rCorr   .          Rampage  .   n - +1 pair of gloves
Will    .....                   B - +2 pair of boots
Stlth   ..........              y - amulet of the acrobat
HPRegen 0.23/turn               (no ring)
MPRegen 0.12/turn               (no ring)

@: paralysed, lethally poisoned (-1 -> -8), slowed, invisible
A: horns 2, retaliatory headbutt, clever 1, low MP 1
a: Renounce Religion, Heroism, Finesse


You were on level 8 of the Dungeon.
You worshipped Okawaru.
Okawaru was greatly pleased with you.
You visited 1 branch of the dungeon, and saw 8 of its levels.
You also visited: Sewer.

You collected 352 gold pieces.
You spent 98 gold pieces at shops.

Inventory:

Hand Weapons
 a - a +0 war axe (weapon)
Missiles
 o - a throwing net (quivered)
 z - 3 boomerangs
Armour
 b - a +0 scale mail (worn)
 c - a +0 buckler
 i - a +0 kite shield (worn)
   (You took it off a gnoll sergeant on level 6 of the Dungeon)
 n - a +1 pair of gloves (worn)
   (You found it on level 3 of the Dungeon)
 v - a +1 cloak (worn)
   (You took it off Crazy Yiuf on level 3 of the Dungeon)
 B - a +2 pair of boots (worn)
   (You found it on level 6 of the Dungeon)
Jewellery
 r - a ring of fire
   (You found it on level 7 of the Dungeon)
 y - an amulet of the acrobat (around neck)
   (You found it on level 5 of the Dungeon)
Wands
 m - a wand of iceblast (7)
   (You found it on level 2 of the Dungeon)
 A - a wand of mindburst (32)
   (You found it on level 7 of the Dungeon)
Scrolls
 j - 2 scrolls of fog
 k - a scroll of silence {unknown}
 s - 2 scrolls of enchant weapon
 t - 2 scrolls of teleportation
Potions
 d - 3 potions of might
 e - 3 potions of invisibility
 f - a potion of experience {unknown}
 g - 4 potions of magic
 h - 4 potions of haste
 p - a potion of resistance {unknown}
 q - a potion of curing
 u - a potion of lignification {unknown}
 x - a potion of ambrosia {unknown}
 C - a potion of attraction {unknown}


   Skills:
 + Level 8.0 Fighting
 * Level 10.4 Axes
 + Level 8.0 Armour
 + Level 5.8 Shields
 + Level 5.3 Invocations


You had 8 spell levels left.
You didn't know any spells.
Your spell library was empty.

Dungeon Overview and Level Annotations

Branches:
Dungeon (8/15)             Temple (0/1) D:7           Sewer (visited)
   Lair: D:8-11

Altars:
Kikubaaqudgha
Nemelex Xobeh
Okawaru
Sif Muna
Trog
Vehumet
Zin
Jiyva

Shops:
D:4 :   D:6 *

Annotations:
D:8 3 runed translucent doors, Shym's ghost, novice TrGl


Innate Abilities, Weirdness & Mutations

You have a pair of horns on your head.
You reflexively headbutt those who attack you in melee.
Your mind is acute. (Int +4, Str/Dex -1)
Your magical capacity is low. (-10% MP)


Message History

Your Fighting skill increases to level 8!
HP restored.
Magic restored.
You see here a +0 shortbow.
j - 4 clear potions (gained 1)
You see here a +0 shortbow.
C - a bubbling silvery potion No target in view!
Found a stone staircase leading up.
A hornet comes into view.
Found 9 stones.
The hornet buzzes angrily.
Found a stone staircase leading up.
You barely miss the hornet. The hornet barely misses you.
The hornet stings you.
You are poisoned.
You feel yourself slow down.
You hit the hornet. Your headbutt misses the hornet.
The hornet is lightly wounded.
You feel very sick. You block the hornet's attack. The hornet stings you!
You are more poisoned.
You feel as though you will be slow longer.
You block the hornet's attack.
You miss the hornet.
The hornet is lightly wounded.
You feel very sick. You block the hornet's attack.
The hornet stings you but does no damage.
You barely miss the hornet. Your headbutt misses the hornet.
The hornet is lightly wounded.
You feel very sick.
The hornet stings you but does no damage.
You block the hornet's attack.
The hornet stings you but does no damage.
You hit the hornet. You headbutt the hornet.
The hornet is lightly wounded.
You feel very sick. The hornet barely misses you. You furiously retaliate!
You headbutt the hornet! The hornet stings you.
You are more poisoned.
You feel as though you will be slow longer.
You barely miss the hornet.
The hornet is moderately wounded.
You feel very sick. The hornet misses you. The hornet stings you.
You are more poisoned.
You feel as though you will be slow longer.
You block the hornet's attack.
You barely miss the hornet. You headbutt the hornet.
The hornet is heavily wounded.
You feel extremely sick. The hornet barely misses you. The hornet stings you!
* * * LOW HITPOINT WARNING * * *
You feel as though you will be slow longer.
You are too injured to fight recklessly!
Unknown command.
It was a potion of curing.
You feel better.
q - 3 potions of curing;
j - 2 scrolls of fog The hornet stings you but does no damage.
The hornet stings you.
You are poisoned.
You suddenly lose the ability to move!
You feel very sick.
The hornet stings you but does no damage.
The hornet stings you!
* * * LOW HITPOINT WARNING * * *
You feel as though you will be slow longer.
You feel sick.
The hornet stings you but does no damage.
You can move again.
As you read the scroll of fear, it crumbles to dust.
You assume a fearsome visage.
The hornet looks frightened!
You feel sick.
Unknown command.
Unknown command.
Found a stone staircase leading down.
You feel sick.
You feel sick.
Cornered, the hornet turns to fight!
You feel yourself speed up.
You feel sick.
You are no longer poisoned.
Okay, then.
You feel better. The hornet barely misses you.
It was a potion of mutation.
You feel extremely strange.
You feel less energetic.
You feel clever. The hornet closely misses you. The hornet stings you!
* * * LOW HITPOINT WARNING * * *
You feel yourself slow down.
You fade into invisibility!
You feel yourself speed up. The hornet barely misses you.
The hornet stings you but does no damage.
You feel better. The hornet stings you.
* * * LOW HITPOINT WARNING * * *
You are poisoned.
You suddenly lose the ability to move!
The hornet stings you!
* * * LOW HITPOINT WARNING * * *
You feel yourself slow down.
* * * LOW HITPOINT WARNING * * *
You feel very sick. The hornet stings you.
You die...

.#....###..$..##
......# ##[_.##
......# ......# #+
##'#### #.#######
##.########)......#
#...............#.##
#####...........#(.#
#..............y@<.#
#.#...#####....##..#
..#.###...+........#
........###....##..#
..#.#...........#..#
..#.#.#.#######.#...#
....#.....<...........
.######.#######.#.....
...................#


You could see a hornet (unable to see you).

Vanquished Creatures
  A hornet (D:6)
  Eustachio (D:6)
  A steam dragon (D:6)
  A sky beast (D:7)
  4 black bears
  2 ice beasts
  3 ogres
  A centaur (D:8)
  2 kobold brigands (Sewer)
  2 bullfrogs (D:7)
  A gnoll sergeant (D:6)
  4 necrophages
  5 scorpions
  3 howler monkeys
  2 hounds (D:6)
  3 jellies
  2 gnoll boudas (D:6)
  2 orc priests
  Crazy Yiuf (D:3)
  6 iguanas
  3 orc wizards
  5 gnolls (D:6)
  7 adders
  7 river rats (Sewer)
  3 white imps (D:6)
  3 ufetubi
  2 worms
  3 dart slugs
  19 orcs
  11 ball pythons
  5 endoplasms
  6 giant cockroaches
  7 goblins
  11 hobgoblins
  5 jackals (D:2)
  2 quokkas
  5 bats
  3 frilled lizards
  21 kobolds
  24 rats
199 creatures vanquished.

Vanquished Creatures (others)
  3 withered plants (D:6)
3 creatures vanquished.

Grand Total: 202 creatures vanquished

Notes
Turn   | Place    | Note
-------+----------+-------------------------------------------
     0 | D:1      | Flugkiller the Minotaur Fighter began the quest for the
                  | Orb.
     0 | D:1      | Reached XP level 1. HP: 19/19 MP: 0/0
   196 | D:1      | Reached skill level 3 in Axes
   196 | D:1      | Reached XP level 2. HP: 27/27 MP: 1/1
   497 | D:1      | Found a faded altar of an unknown god.
   498 | D:1      | Noticed a great orb of eyes
   500 | D:1      | Noticed a floating eye
   506 | D:1      | Noticed an eye of devastation
   515 | D:1      | Noticed a golden eye
   934 | D:2      | Reached XP level 3. HP: 31/33 MP: 2/2
  1135 | D:2      | You fall into a shaft and drop 2 floors!
  1219 | D:4      | Reached skill level 4 in Axes
  1219 | D:4      | Reached XP level 4. HP: 41/41 MP: 3/3
  1256 | D:4      | Found Lemnerojo's Self-Improvement Boutique.
  1432 | D:4      | Found an iron altar of Okawaru.
  1474 | D:4      | Became a worshipper of Warmaster Okawaru
  1647 | D:4      | Noticed a black bear
  1652 | D:4      | Killed a black bear
  1653 | D:4      | Reached skill level 5 in Axes
  1653 | D:4      | Reached skill level 1 in Invocations
  1653 | D:4      | Reached XP level 5. HP: 32/47 MP: 4/4
  2131 | D:3      | Found a radiant altar of Vehumet.
  2154 | D:3      | Found a glowing drain.
  2163 | Sewer    | Entered a sewer
  2340 | Sewer    | Reached skill level 5 in Fighting
  2431 | Sewer    | Reached XP level 6. HP: 45/56 MP: 6/6
  2517 | Sewer    | Reached * piety under Okawaru
  2518 | Sewer    | Reached skill level 5 in Armour
  2636 | Sewer    | Reached skill level 6 in Axes
  3275 | D:3      | Found a runed translucent door.
  3276 | D:3      | Noticed Crazy Yiuf
  3567 | D:3      | Killed Crazy Yiuf
  3630 | D:5      | Entered Level 5 of the Dungeon
  3663 | D:5      | Reached XP level 7. HP: 55/61 MP: 7/7
  4067 | D:5      | Reached skill level 7 in Axes
  4315 | D:5      | Found a glowing silver altar of Zin.
  4530 | D:5      | Reached ** piety under Okawaru
  4567 | D:5      | Reached XP level 8. HP: 70/71 MP: 9/9
  4589 | D:5      | Found a faded altar of an unknown god.
  4589 | D:5      | Found a shimmering blue altar of Sif Muna.
  4597 | D:5      | Found a sparkling altar of Nemelex Xobeh.
  4607 | D:5      | Found a faded altar of an unknown god.
  4609 | D:5      | Found a bloodstained altar of Trog.
  4706 | D:6      | Found Eshuycintamn's General Store.
  4720 | D:6      | Bought a scroll of identify for 28 gold pieces
  4730 | D:6      | Bought a potion of heal wounds for 70 gold pieces
  4751 | D:6      | Noticed Eustachio
  4759 | D:6      | Found an ancient bone altar of Kikubaaqudgha.
  4764 | D:6      | Reached skill level 8 in Axes
  5647 | D:6      | Reached *** piety under Okawaru
  5648 | D:6      | Reached skill level 9 in Axes
  5780 | D:6      | Noticed a hornet
  5788 | D:6      | Killed a hornet
  5789 | D:6      | Reached XP level 9. HP: 58/79 MP: 8/11
  5901 | D:6      | Killed Eustachio
  5914 | D:6      | Reached skill level 5 in Shields
  6275 | D:6      | Reached skill level 5 in Invocations
  6281 | D:6      | Reached **** piety under Okawaru
  6282 | D:6      | Reached skill level 10 in Axes
  7038 | D:7      | Found a staircase to the Ecumenical Temple.
  7337 | D:8      | Found a runed translucent gate.
  7337 | D:8      | Found a runed translucent gate.
  7337 | D:8      | Found a runed translucent gate.
  7339 | D:8      | Noticed Shym's ghost (novice TrGl)
  7341 | D:8      | Found a viscous altar of Jiyva.
  7472 | D:8      | Paralysed by a hornet for 3 turns
  7478 | D:8      | HP: 4/81 [poisoned by a hornet]
  7481 | D:8      | Gained mutation: Your magical capacity is low. (-10% MP)
                  | [potion of mutation]
  7481 | D:8      | Gained mutation: Your mind is acute. (Int +4, Str/Dex -1)
                  | [potion of mutation]
  7483 | D:8      | Paralysed by a hornet for 3 turns
  7483 | D:8      | HP: 4/81 [hornet (7)]
  7484 | D:8      | HP: 1/81 [poisoned by a hornet]
  7484 | D:8      | Slain by a hornet

Illustrated notes

Levels and vault maps discovered:
D:1:      tarquinn_simple_flora_water_b, layout_loops_ring,
          hellmonk_ecumenical_altar_watching_god, nicolae_hexahallways
D:2:      layout_rooms
D:3:      layout_rooms, vehumet_crystals, cheibrodos_sewer_entry_drain,
          nicolae_elevator_lobby_asterisk, uniq_crazy_yiuf_cottage
D:4:      layout_gridville, lemuel_tele_altar, nicolae_shop_self_help
D:5:      layout_basic, chequers_temple_overflow_minitemple,
          lemuel_crystal_altar, grunt_ministairs_15
D:6:      minmay_recursive_quarters, layout_basic, kiku_gazebo_garden_becter,
          serial_shops, nicolae_shop_statue_plus, minmay_starry_boxes,
          uniq_eustachio
D:7:      layout_rooms, minmay_temple_entry_stoned_glass
D:8:      layout_basic, dpeg_oklobed_lair, gammafunk_ghost_ooze

Skill      XL: |  1  2  3  4  5  6  7  8  9 |
---------------+----------------------------+-----
Axes           | 3 4 5 6 7 9 10 | 10.4
Fighting       | 4 5 6 7 8 |  8.0
Armour         | 4 5 6 7 8 |  8.0
Invocations    | 1 2 3 4 5 |  5.3
Shields        | 4 5 |  5.8

Action                   |  1- 3 |  4- 6 |  7- 9 || total
-------------------------+-------+-------+-------++-------
Melee: War axe           |    53 |   155 |   276 ||   484
       Headbutt          |     8 |    16 |    52 ||    76
Invok: Heroism           |       |     1 |     7 ||     8
  Use: Scroll            |       |       |    14 ||    14
       Potion            |       |       |     7 ||     7
Armor: Scale mail        |    32 |    79 |   140 ||   251
Dodge: Dodged            |    27 |    97 |   125 ||   249
Block: Buckler           |    13 |    39 |    38 ||    90
       Kite shield       |       |       |    73 ||    73
